 Dungeon Crawl Stone Soup version 0.23.2-40-g277498a001 (webtiles) character file.

Game seed: 7460465495548137725

4260 MalarOregon the Destroyer (level 10, -1/85 (86) HPs)
             Began as a Purple Draconian Conjurer on Sept 21, 2019.
             Was a Believer of Vehumet.
             Slain by a wolf (6 damage)
             ... led by Grum
             ... on level 9 of the Dungeon.
             The game lasted 00:29:43 (10185 turns).

MalarOregon the Destroyer (DrCj)                   Turns: 10185, Time: 00:29:43

HP:   -1/85 (86)    AC:  8    Str: 11    XL:     10   Next: 10%
MP:   8/36          EV: 15    Int: 18    God:    Vehumet [**....]
Gold: 93            SH:  0    Dex: 12    Spells: 10/24 levels left

rFire    . . .     SeeInvis .   z - staff of power {!a}
rCold    . . .     Gourm    .   (no shield)
rNeg     . . .     Faith    .   (armour unavailable)
rPois    .         Spirit   .   (helmet restricted)
rElec    .         Reflect  .   (no cloak)
rCorr    .         Harm     .   C - +0 pair of gloves
MR       +....                  (no boots)
Stlth    ++........             (no amulet)
HPRegen  0.24/turn              (no ring)
MPRegen  0.25/turn              (no ring)

@: no status effects
A: breathe power, unfitting armour, cold-blooded, AC +7
a: Breathe Dispelling Energy, Renounce Religion


You were on level 9 of the Dungeon.
You worshipped Vehumet.
Vehumet was pleased with you.
You were hungry.

You visited 2 branches of the dungeon, and saw 10 of its levels.

You collected 324 gold pieces.
You spent 231 gold pieces at shops.

Inventory:

Hand Weapons
 j - a +0 falchion of flaming
   (You took it off an orc on level 4 of the Dungeon)
Missiles
 o - a throwing net (quivered) {!f}
Armour
 C - a +0 pair of gloves (worn)
   (You found it on level 9 of the Dungeon)
Magical Staves
 z - an uncursed staff of power (weapon) {!a}
   (You found it on level 7 of the Dungeon)
Jewellery
 i - a +1 ring of evasion
   (You found it on level 2 of the Dungeon)
 w - an uncursed ring of ice
   (You found it on level 6 of the Dungeon)
 A - a +5 ring of intelligence
   (You bought it in a shop on level 5 of the Dungeon)
Wands
 u - a wand of paralysis (6)
   (You found it on level 6 of the Dungeon)
Scrolls
 h - 7 scrolls of teleportation {@r4}
 k - a scroll of enchant weapon
 r - 2 scrolls of enchant armour
 s - a scroll of remove curse {@r2}
 t - 2 scrolls of fog
 y - 2 scrolls of noise {unknown}
 B - a scroll of identify {@r1}
Potions
 a - 2 potions of agility {unknown}
 b - 2 potions of flight {unknown}
 c - 2 potions of might {unknown}
 d - 2 potions of invisibility
 f - 7 potions of curing {@q1}
 g - 2 potions of mutation {!q}
 l - a potion of haste {unknown}
 m - 2 potions of lignification {unknown}
 n - 3 potions of heal wounds {@q2}
 p - a potion of degeneration {unknown}
 q - a potion of ambrosia {unknown}
 x - a potion of cancellation {unknown}
Comestibles
 e - 8 rations {!d}
 v - 6 chunks of flesh


   Skills:
 + Level 7.4 Fighting
 + Level 6.5 Dodging
 - Level 1.7 Stealth
 + Level 7.9 Spellcasting
 + Level 9.5 Conjurations


You had 10 spell levels left.
You knew the following spells:

 Your Spells              Type           Power        Failure   Level  Hunger
a - Magic Dart            Conj           ####         1%          1    None
b - Dazzling Spray        Conj/Hex       ###...       4%          3    #......
s - Searing Ray           Conj           #####.       1%          2    None
x - Iskenderun's Mystic   Conj           #####...     1%          4    ###....
z - Fulminant Prism       Conj/Hex       ###.......   14%         4    ###....

Your spell library contained the following spells:

 Spells                   Type           Power        Failure   Level  Hunger
 Throw Flame              Conj/Fire      ###...       1%          2    None
 Stone Arrow              Conj/Erth      ###...       4%          3    #......
 Sandblast                Erth           #.....       10%         1    None
 Force Lance              Conj/Tloc      ###.....     14%         4    ###....
 Passwall                 Tmut/Erth      #.......     16%         2    None
 Petrify                  Tmut/Erth      #.......     69%         4    ###....
 Lee's Rapid Deconstruct  Erth           #.........   95%         5    #####..


Dungeon Overview and Level Annotations

Branches:
Dungeon (9/15)             Temple (1/1) D:6            Lair (0/6) D:9
    Orc: D:9-12

Altars:
Ashenzari
Cheibriados
Dithmenos
Elyvilon
Fedhas
Gozag
Hepliaklqana
Kikubaaqudgha
Makhleb
Nemelex Xobeh
Okawaru
Qazlal
Ru
Trog
Uskayaw
Vehumet
Wu Jian
Xom
Yredelemnul
Zin
The Shining One

Shops:
D:5 *   D:7 :((?

Annotations:
D:5 3 runed translucent doors, scorp85's ghost, novice TrFi
D:9 exclusion: 3 doors, Grum


Innate Abilities, Weirdness & Mutations

You can breathe bolts of dispelling energy.
Your rich purple scales are hard. (AC +7)
You cannot fit into any form of body armour.
You are cold-blooded and may be slowed by cold attacks.


Message History

Aim: a bullfrog (severely wounded)
The orb of energy hits the bullfrog!!
You kill the bullfrog!
Vehumet accepts your kill.
The orb of energy explodes!
The mystic blast hits the plant! x4
A wolf comes into view.
Grum the Hunter comes into view.
He is wielding a -1 spear and carrying a wand of enslavement (9).
Aim: a wolf The orb of energy hits the wolf!
You are feeling hungry.
The wolf bites the fungus!
The wolf bites you!
Something bites the fungus.
The wolf bites you.
A scorpion comes into view.
The wolf misses you. The wolf bites you but does no damage.
You see here a porcupine skeleton.
The wolf bites you! The scorpion completely misses you. The wolf misses you.
The scorpion stings you. The wolf closely misses you.
The wolf stops to sniff the ground.
The wolf closely misses you. The scorpion stings you.
* * * LOW HITPOINT WARNING * * *
The wolf bites you.
* * * LOW HITPOINT WARNING * * *
The wolf barely misses you. The wolf misses you.
There is a stone staircase leading down, spattered with blood here.
The wolf closely misses you. The wolf barely misses you. The wolf bites you.
* * * LOW HITPOINT WARNING * * *
The wolf bites you.
* * * LOW HITPOINT WARNING * * *
The wolf completely misses you. x2; The wolf bites you but does no damage.
The wolf bites you.
* * * LOW HITPOINT WARNING * * *
The wolf barely misses you. The wolf bites you.
* * * LOW HITPOINT WARNING * * *
The wolf barely misses you. The wolf bites you but does no damage.
The wolf barely misses you. The wolf closely misses you. The wolf bites you!
* * * LOW HITPOINT WARNING * * *
There is a stone staircase leading up, spattered with blood here.
Unknown command.
Unknown command.
The wolf bites you!
* * * LOW HITPOINT WARNING * * *
The wolf bites you.
* * * LOW HITPOINT WARNING * * *
The wolf bites you.
You die...

#...........#.....##....(#
####.............##..###...##
#...........##.......##....##
#...........#..#.....#...##..
#..........<#.....#g.........
#...........#...............÷
##...)..............#.......÷
#.........##h........>.###.÷
#....###...@h..#.s........P.
#....# #.###hs.........###..
#....##....'...........##..P
#..........#...........##.P.
#..........#.....##....##...
#..........#.....##......$..
#........###...........##.P.
#........ #...........# ...
.....#... ...


You could see Grum, 3 wolves and a scorpion.

Vanquished Creatures
  A two-headed ogre (D:8)
  A hippogriff (D:7)
  5 porcupines (D:9)
  An orc warrior (D:8)
  3 ice beasts
  3 necrophages (D:8)
  A sky beast (D:7)
  A black bear (D:9)
  A phantom (D:7)
  2 ogres
  2 centaurs (D:8)
  Blork the orc (D:5)
  5 bullfrogs
  3 scorpions
  2 howler monkeys
  4 crimson imps
  A centaur zombie (D:8)
  2 jellies
  A centaur skeleton (D:8)
  3 hounds
  3 orc wizards
  An orc priest (D:3)
  2 bullfrog skeletons
  4 iguanas
  6 worker ants
  A killer bee zombie (D:8)
  2 hound zombies (D:7)
  2 hound skeletons
  A worker ant zombie (D:8)
  7 adders
  7 gnolls (D:3)
  A shadow imp (D:8)
  3 adder zombies
  3 adder skeletons
  A worm (D:2)
  A dart slug (D:4)
  2 leopard geckos
  22 orcs
  A ball python (D:5)
  8 giant cockroaches
  6 goblins
  8 hobgoblins
  9 jackals
  10 kobolds
  6 quokkas
  4 bats
  8 frilled lizards
  2 leopard gecko skeletons (D:4)
  2 quokka skeletons
  5 rats
  2 plants (D:8)
183 creatures vanquished.

Vanquished Creatures (others)
  A bush (D:8)
  4 fulminant prisms (D:8)
  3 fungi (D:9)
  10 plants
18 creatures vanquished.

Grand Total: 201 creatures vanquished

Notes
Turn   | Place    | Note
-------+----------+-------------------------------------------
     0 | D:1      | MalarOregon the Draconian Conjurer began the quest for the
                  | Orb.
     0 | D:1      | Reached XP level 1. HP: 14/14 MP: 3/3
   436 | D:1      | Reached XP level 2. HP: 20/20 MP: 0/5
   494 | D:1      | Learned a level 2 spell: Searing Ray
  1183 | D:2      | Reached skill level 5 in Conjurations
  1183 | D:2      | Reached XP level 3. HP: 26/26 MP: 2/6
  1359 | D:2      | Found a sparkling altar of Nemelex Xobeh.
  1470 | D:2      | Learned a level 3 spell: Dazzling Spray
  2143 | D:2      | Reached XP level 4. HP: 33/33 MP: 4/7
  2328 | D:3      | Reached skill level 6 in Conjurations
  2741 | D:3      | Reached XP level 5. HP: 28/38 MP: 0/8
  3426 | D:3      | Reached skill level 1 in Fighting
  4033 | D:4      | Reached XP level 6. HP: 47/47 MP: 7/9
  4380 | D:4      | Noticed an ice beast
  4649 | D:4      | Reached skill level 7 in Conjurations
  4767 | D:4      | Learned a level 4 spell: Iskenderun's Mystic Blast
  4772 | D:4      | Killed an ice beast
  4772 | D:4      | Your scales start taking on a rich purple colour.
  4772 | D:4      | Reached XP level 7. HP: 56/56 MP: 1/12
  5019 | D:5      | Entered Level 5 of the Dungeon
  5379 | D:5      | Found Feelaz's Assorted Antiques.
  5382 | D:5      | Bought a scroll labeled AREPTE AKKA for 29 gold pieces
  5382 | D:5      | Bought a scroll labeled WIBYQA ECONIS for 29 gold pieces
  5488 | D:5      | Found a runed translucent gate.
  5488 | D:5      | Found a runed translucent gate.
  5488 | D:5      | Found a runed translucent gate.
  5488 | D:5      | Noticed scorp85's ghost (novice TrFi)
  5548 | D:5      | Noticed Blork the orc
  5555 | D:5      | Killed Blork the orc
  5692 | D:6      | Found a staircase to the Ecumenical Temple.
  5707 | D:6      | Found a shadowy altar of Dithmenos.
  6089 | D:6      | Reached XP level 8. HP: 53/66 MP: 1/15
  6323 | D:6      | Reached skill level 5 in Spellcasting
  6572 | Temple   | Entered the Ecumenical Temple
  6760 | Temple   | Became a worshipper of Vehumet
  6914 | D:7      | Reached skill level 8 in Conjurations
  7082 | D:7      | Found Cacag's Book Shoppe.
  7102 | D:7      | Noticed a hippogriff
  7107 | D:7      | Killed a hippogriff
  7107 | D:7      | Reached skill level 5 in Fighting
  7347 | D:7      | Found Gyufuam's Weapon Shop.
  7409 | D:5      | Bought a twisted gilded ring for 145 gold pieces
  7518 | D:7      | Reached skill level 5 in Dodging
  7727 | D:7      | Found Jeqokac's Antique Weapon Shop.
  7880 | D:7      | Found Jylu Ocs's Magic Scroll Boutique.
  8063 | D:7      | Bought a scroll of fog for 28 gold pieces
  8095 | D:8      | Reached XP level 9. HP: 74/74 MP: 18/18
  8192 | D:8      | Found a basalt altar of Yredelemnul.
  8232 | D:8      | Reached * piety under Vehumet
  8232 | D:8      | Offered knowledge of Sting by Vehumet.
  9003 | D:8      | Noticed a two-headed ogre
  9012 | D:8      | Killed a two-headed ogre
  9012 | D:8      | Reached skill level 9 in Conjurations
  9477 | D:8      | Found a blossoming altar of Fedhas.
  9559 | D:8      | Learned a level 4 spell: Fulminant Prism
 10106 | D:9      | Reached XP level 10. HP: 82/85 MP: 21/21
 10107 | D:9      | Offered knowledge of Throw Flame by Vehumet.
 10127 | D:9      | Reached ** piety under Vehumet
 10148 | D:9      | Found a staircase to the Lair.
 10162 | D:9      | Noticed Grum
 10185 | D:9      | Slain by a wolf

Skill      XL: |  1  2  3  4  5  6  7  8  9 |
---------------+----------------------------+-----
Conjurations   | 5 6 7 8 9 |  9.5
Dodging        | 2 3 5 6 |  6.5
Fighting       | 1 2 4 5 7 |  7.4
Spellcasting   | 3 4 6 7 |  7.9
Stealth        | |  1.7

Action                   |  1- 3 |  4- 6 |  7- 9 | 10-12 || total
-------------------------+-------+-------+-------+-------++-------
Melee: Unarmed           |     9 |     2 |       |       ||    11
       Falchion          |       |     2 |    26 |       ||    28
       Tailslap          |       |     1 |     4 |       ||     5
       Staff             |       |       |     6 |       ||     6
 Cast: Magic Dart        |    77 |   143 |   163 |     1 ||   384
       Searing Ray       |     2 |     9 |       |       ||    11
       Iskenderun's Myst |       |     2 |    96 |     9 ||   107
       Fulminant Prism   |       |       |     4 |       ||     4
  Use: Scroll            |       |     8 |     2 |       ||    10
  Eat: Chunk             |     5 |    10 |    15 |     1 ||    31
       Ration            |       |       |     5 |       ||     5
Armor: Skin              |     8 |    17 |    38 |     5 ||    68
Dodge: Dodged            |    22 |    37 |    67 |    18 ||   144
       Rpst.: Falchion   |       |     6 |    13 |       ||    19
